 Dungeon Crawl Stone Soup version 0.21.1-1-g345015fe64 (webtiles) character file.

49 Knicklaso the Vandal (level 3, -2/29 HPs)
             Began as a Demonspawn Hunter on Apr 15, 2018.
             Slain by a gnoll
             ... wielding a +0 halberd
              (6 damage)
             ... on level 2 of the Dungeon.
             The game lasted 00:02:09 (845 turns).

Knicklaso the Vandal (Demonspawn Hunter)             Turns: 845, Time: 00:02:10

Health: -2/29      AC:  3    Str: 12    XL:     3   Next: 51%
Magic:  0/3        EV: 12    Int: 13    God:
Gold:   28         SH:  0    Dex: 13    Spells: 2/2 levels left

rFire    . . .     SeeInvis .   b - +0 short sword
rCold    . . .     Gourm    .   (no shield)
rNeg     . . .     Faith    .   c - +0 leather armour
rPois    .         Spirit   +   (no helmet)
rElec    .         Reflect  .   (no cloak)
rCorr    .         Harm     .   (no gloves)
MR       .....                  (no boots)
Stlth    +.........             (no amulet)
HPRegen  0.09/turn              (no ring)
MPRegen  0.16/turn              (no ring)

@: no status effects
A: magic shield, magic regeneration
a: no special abilities


You were on level 2 of the Dungeon.
You were not hungry.

You visited 1 branch of the dungeon, and saw 2 of its levels.

You collected 28 gold pieces.

Inventory:

Hand Weapons
 a - a +1 hunting sling
 b - a +0 short sword (weapon)
Armour
 c - a +0 leather armour (worn)
 i - a +0 shield of protection
Jewellery
 g - a +5 ring of evasion {unknown}
Scrolls
 e - a scroll of blinking {unknown}
 h - a scroll of immolation {unknown}
 k - a scroll of identify {unknown}
Potions
 j - a potion of mutation {unknown}
 l - a potion of agility {unknown}
 n - a potion of degeneration {unknown}
Comestibles
 f - 3 rations


   Skills:
 + Level 3.1 Fighting
 - Level 3.6 Slings
 - Level 1.7 Dodging
 - Level 0.8 Stealth
 + Level 1.9 Unarmed Combat


You had 2 spell levels left.
You didn't know any spells.

Dungeon Overview and Level Annotations

Branches:
Dungeon (2/15)

Altars:


Innate Abilities, Weirdness & Mutations

When hurt, damage is shared between your health and your magic reserves.
You regenerate magic rapidly.


Message History

The gnoll barely misses you.
You closely miss the gnoll.
The gnoll is lightly wounded.
The gnoll shouts!
You hear a shout!
The gnoll hits you with a halberd!
You hit the gnoll.
The gnoll is severely wounded.
The gnoll closely misses you.
You hit the gnoll but do no damage.
The gnoll is heavily wounded.
The gnoll hits you with a club! The gnoll hits you with a halberd!
* * * LOW HITPOINT WARNING * * *
A gnoll comes into view. It is wielding a spear.
You hit the gnoll.
The gnoll is severely wounded.
The gnoll hits you but does no damage. The gnoll closely misses you.
A gnoll comes into view. It is wielding a spear.
There is a stone staircase leading up here.
The gnoll hits you from afar with a halberd!
You die...

#. ... #..# #..# ...
#..# ....#######.### #
...............#####.#.#
.r.............#@......#
...........gg.gg†....###
.....P.......#########
#.....P......#
#.....P......#
#....PPP.....########
.....................
.............########
.............#


You could see 4 gnolls.

Vanquished Creatures
  An ooze (D:1)
  An adder zombie (D:2)
  A worm (D:2)
  2 leopard geckos (D:1)
  A bat zombie (D:2)
  2 giant cockroaches
  4 goblins (D:1)
  3 hobgoblins (D:1)
  9 jackals
  3 bats
  2 frilled lizards (D:1)
  A kobold (D:1)
  3 rats
33 creatures vanquished.

Notes
Turn   | Place    | Note
-------+----------+-------------------------------------------
     0 | D:1      | Knicklaso the Demonspawn Hunter began the quest for the Orb.
     0 | D:1      | Reached XP level 1. HP: 16/16 MP: 1/1
   107 | D:1      | Reached skill level 1 in Unarmed Combat
   107 | D:1      | Gained mutation: When hurt, damage is shared between your health and your magic reserves. [demonic ancestry]
   107 | D:1      | Reached XP level 2. HP: 16/23 MP: 2/2
   475 | D:1      | Gained mutation: You regenerate magic rapidly. [demonic ancestry]
   475 | D:1      | Reached XP level 3. HP: 28/28 MP: 3/3
   845 | D:2      | Slain by a gnoll

Skill      XL: |  1  2  3 |
---------------+----------+-----
Unarmed Combat | 1 |  1.9
Fighting       | 3 |  3.1
Slings         | |  3.6
Dodging        | |  1.7
Stealth        | |  0.8

Action                   || total
-------------------------++-------
Melee: Short sword       ||    10
 Fire: Hunting sling     ||    97
Armor: Leather armour    ||    12
Dodge: Dodged            ||    30
